 Dungeon Crawl Stone Soup version 0.24-a0-778-g74da537 (webtiles) character file.

Game seed: 8779759294032539507, levelgen mode: deterministic

103 BoppinsLewinski the Skirmisher (level 5, -3/41 HPs)
             Began as a Human Fighter on Oct 7, 2019.
             Killed from afar by an orc wizard (5 damage)
             ... with a puff of frost
             ... on level 3 of the Dungeon.
             The game lasted 00:04:07 (2120 turns).

BoppinsLewinski the Skirmisher (Human Fighter)      Turns: 2120, Time: 00:04:08

Health: -3/41      AC:  8    Str: 17    XL:     5   Next: 6%
Magic:  5/5        EV: 10    Int:  8    God:
Gold:   129        SH:  0    Dex: 13    Spells: 4/4 levels left

rFire    . . .     SeeInvis .   a - +0 trident
rCold    . . .     Gourm    .   (no shield)
rNeg     + . .     Faith    .   b - +0 scale mail
rPois    .         Spirit   .   j - +0 helmet
rElec    .         Reflect  .   (no cloak)
rCorr    .         Harm     .   (no gloves)
MR       .....                  (no boots)
Stlth    ..........             (no amulet)
HPRegen  0.13/turn              c - ring of positive energy
MPRegen  0.09/turn              (no ring)

@: no status effects
A: no striking features
a: no special abilities


You were on level 3 of the Dungeon.
You were not hungry.

You visited 1 branch of the dungeon, and saw 3 of its levels.

You collected 129 gold pieces.

Inventory:

Hand Weapons
 a - a +0 trident (weapon)
Armour
 b - a +0 scale mail (worn)
 j - a +0 helmet (worn)
Jewellery
 c - a ring of positive energy (left hand)
 k - an uncursed amulet of rage {unknown}
 m - an uncursed amulet of the acrobat {unknown}
Scrolls
 e - 3 scrolls of identify {unknown}
 g - a scroll of amnesia {unknown}
 h - a scroll of immolation {unknown}
 l - 2 scrolls of remove curse {unknown}
 o - a scroll of blinking {unknown}
 p - 3 scrolls of teleportation {unknown}
Potions
 d - a potion of might
 i - a potion of mutation {unknown}
 n - 2 potions of flight {unknown}
 q - a potion of brilliance {unknown}
Comestibles
 f - 6 rations


   Skills:
 + Level 3.6 Fighting
 * Level 3.3 Polearms
 + Level 3.5 Armour
 + Level 1.5 Dodging
   Level 3.0 Shields


You had 4 spell levels left.
You didn't know any spells.
Your spell library was empty.

Dungeon Overview and Level Annotations

Branches:
Dungeon (3/15)

Altars:
Okawaru


Message History

Tha orc wizard be moderately wounded.
Tha orc wizard hits ye wit' a +0 dagger.
Tha orc hits ye.
Unknown command.
Ye completely miss tha orc wizard.
Tha orc wizard be moderately wounded.
Tha orc wizard points at ye an' mumbles some strange words.
Tha puff o' frost hits ye!
Tha orc barely misses ye.
Unknown command.
Ye barely miss tha orc.
Tha orc closely misses ye.
Tha orc wizard misses ye.
Unknown command.
Ye barely miss tha orc.
Tha orc wizard gestures at ye while chantin'.
Tha puff o' frost hits ye!
* * * LOW HITPOINT WARNIN'
* * * Tha orc barely misses ye.
Tha orc hits ye.
* * * LOW HITPOINT WARNIN'
* * * Tha orc wizard casts a spell at ye.
Tha puff o' frost hits ye.
Ye die...

#..........#
#.#........#
#.#.#####..###
#.#.# #.....#
#.#.# #.###.#
#.#.# #.# #.#
#.#.# #.###.#
###o#.#
#...(.#####
#oo@#.#
##.#...<...
#.###.#
#..(##...^ #.
#..###.### #o
#.(###.# #.
#.(....# #.
#..##### #o
#).# o# #..#
#..#


You could see an orc wizard and 2 orcs.

Vanquished Creatures
  5 adders
  2 worms (D:3)
  2 dart slugs
  An orc (D:3)
  2 giant cockroaches
  6 goblins
  8 hobgoblins
  3 jackals (D:1)
  7 kobolds
  5 bats
  4 frilled lizards
  3 rats (D:1)
48 creatures vanquished.

Notes
Turn   | Place    | Note
-------+----------+-------------------------------------------
     0 | D:1      | BoppinsLewinski the Human Fighter began the quest for the
                  | Orb.
     0 | D:1      | Reached XP level 1. HP: 18/18 MP: 1/1
    98 | D:1      | Reached XP level 2. HP: 24/24 MP: 2/2
   114 | D:1      | You fall into a shaft and drop 1 floor!
   203 | D:2      | Reached XP level 3. HP: 24/29 MP: 3/3
   514 | D:1      | Found an iron altar of Okawaru.
   570 | D:1      | Reached skill level 1 in Dodging
   805 | D:1      | Reached XP level 4. HP: 33/35 MP: 4/4
  1997 | D:3      | Reached XP level 5. HP: 29/41 MP: 5/5
  2120 | D:3      | HP: 2/41 [orc (1)]
  2120 | D:3      | Killed from afar by an orc wizard

Levels and vault maps discovered:
D:1:      dpeg_arrival_pits, layout_basic, okawaru_ov_weapons_minmay
D:2:      layout_basic, hangedman_abyss_or_decor_stabs
D:3:      layout_loops_ring, first_ration

Skill      XL: |  1  2  3  4 |
---------------+-------------+-----
Dodging        | 1 |  1.5
Polearms       | 3 |  3.3
Fighting       | |  3.6
Armour         | |  3.5
Shields        | |  3.0

Action                   |  1- 3 |  4- 6 || total
-------------------------+-------+-------++-------
Melee: Trident           |    82 |   107 ||   189
  Eat: Chunk             |       |     4 ||     4
Armor: Scale mail        |    35 |    48 ||    83
Dodge: Dodged            |    39 |    61 ||   100

Table legend:
 A = Non-vault XP
 B = Vault XP
 C = Vault XP percentage of total XP
 D = Non-vault monster count
 E = Vault monster count
 F = Vault count percentage of total count
                 A         B        C        D         E       F
            +---------+---------+-------+---------+---------+-------
      Total |     148 |       0 |   0.0 |      48 |       0 |   0.0
            +---------+---------+-------+---------+---------+-------
        D:1 |      44 |       0 |   0.0 |      24 |       0 |   0.0
        D:2 |      73 |       0 |   0.0 |      17 |       0 |   0.0
        D:3 |      31 |       0 |   0.0 |       7 |       0 |   0.0
            +---------+---------+-------+---------+---------+-------
